 Dungeon Crawl Stone Soup version 0.30-a0-219-gf2db51d15e (webtiles) character file.

Game seed: 2999328775486188760

80 funkygono the Digger (level 4, -1/24 HPs)
             Began as a Gargoyle Earth Elementalist on Oct 6, 2022.
             Slain by Sigmund
             ... wielding a +1 scythe of protection
              (6 damage)
             ... on level 2 of the Dungeon.
             The game lasted 00:02:41 (1795 turns).

funkygono the Digger (Gargoyle Earth Elementalist)  Turns: 1795, Time: 00:02:42

Health: -1/24      AC:  8    Str: 12    XL:     4   Next: 39%
Magic:  3/8        EV: 11    Int: 17    God:
Gold:   114        SH:  0    Dex: 10    Spells: 3/9 levels left

rFire   + . .      SeeInvis .    e - +0 whip
rCold   . . .      Faith    .    (no shield)
rNeg    + . .      Spirit   .    a - +0 robe
rPois   ∞          Reflect  .    (no helmet)
rElec   +          Harm     .    g - +0 cloak
rCorr   .          Rampage  .    d - +0 pair of gloves
Will    .....                    i - +0 pair of boots
Stlth   +.........               (no amulet)
HPRegen 0.24/turn                m - ring of protection from fire
MPRegen 0.11/turn                (no ring)

@: confused
A: sickness immunity, AC +3, negative energy resistance 1, electricity
resistance, torment resistance 1, petrification resistance
a: no special abilities


You were on level 2 of the Dungeon.
You visited 1 branch of the dungeon, and saw 2 of its levels.

You collected 114 gold pieces.

Inventory:

Hand Weapons
 e - a +0 whip (weapon)
Armour
 a - a +0 robe (worn)
 d - a +0 pair of gloves (worn)
 g - a +0 cloak (worn)
 i - a +0 pair of boots (worn)
Jewellery
 m - a ring of protection from fire (left hand)
Scrolls
 f - a scroll of teleportation
 j - a scroll of identify
 l - a scroll of poison
Potions
 b - a potion of magic
 c - a potion of flight
 h - 3 potions of attraction
 k - a potion of mutation {unknown}
 n - 2 potions of heal wounds {unknown}


   Skills:
 + Level 1.5 Dodging
 - Level 2.1 Stealth
 + Level 3.2 Spellcasting
 + Level 0.8 Transmutations
 + Level 5.0 Earth Magic


You had 3 spell levels left.
You knew the following spells:

 Your Spells              Type           Power      Damage    Failure   Level
a - Sandblast             Erth           38%        2d10      2%          1
b - Passwall              Tmut/Erth      10%        N/A       8%          2
c - Stone Arrow           Conj/Erth      22%        3d8       19%         3

Your spell library contained the following spells:

 Spells                   Type           Power      Damage    Failure   Level
 Ignite Poison            Fire/Tmut/Pois 3%         N/A       41%         3
 Petrify                  Tmut/Erth      12%        N/A       45%         4
 Sticky Flame             Conj/Fire      2%         2d3       86%         4
 Ignition                 Fire           1%         3d3       100%        8


Dungeon Overview and Level Annotations

Branches:
Dungeon (2/15)

Altars:

Shops:
D:2 *

Annotations:
D:2 Sigmund


Innate Abilities, Weirdness & Mutations

You are immune to sickness and miasma.
Your stone body is resilient. (AC +3)
You are immune to poison.
You resist negative energy. (rN+)
You are resistant to electric shocks. (rElec)
You are resistant to unholy torment.
You are immune to petrification.


Message History

Deactivating autopickup; reactivate with Ctrl-A.
Casting: Sandblast (safe; 2% risk of failure)
Confirm with . or Enter, or press ? or * to list all spells.
You can't see any susceptible monsters within range! (Use Z to cast anyway.) Unknown command.
Unknown command.
Casting: Sandblast (safe; 2% risk of failure)
Confirm with . or Enter, or press ? or * to list all spells.
Aiming: Sandblast (safe; 2% risk of failure)
Press: ? - help, Shift-Dir - straight line A magic dart appears from out of thin air!
The magic dart hits you.
Casting: Sandblast (safe; 2% risk of failure)
Confirm with . or Enter, or press ? or * to list all spells.
Aiming: Sandblast (safe; 2% risk of failure)
Press: ? - help, Shift-Dir - straight line Something hits you!
Unknown command.
Casting: Sandblast (safe; 2% risk of failure)
Confirm with . or Enter, or press ? or * to list all spells.
You don't know that spell.
Unknown command.
Casting: Sandblast (safe; 2% risk of failure)
Confirm with . or Enter, or press ? or * to list all spells.
Aiming: Sandblast (safe; 2% risk of failure)
Press: ? - help, Shift-Dir - straight line You hear some strange, mumbled words.
You are confused.
Something hits you.
Unknown command.
You're too confused to cast spells.
Unknown command.
Okay, then.
You bump into the rock wall.
You bump into the rock wall.
A magic dart appears from out of thin air!
The magic dart hits you.
* * * LOW HITPOINT WARNING * * *
You bump into the rock wall.
Something hits you.
You die...

#.###..#######.#### #..#
#.
#.#...............####..#
#.
#.#.#..#####............#
##. #......#
#.......###..####(.
###.##.# ##.....##
#..###... #.##.# #....##
#........ #.##.#####.#.##
##.###... #.##.......###
#.# ##.. #......###@# #.#
##. ######.# #.# #.# #.
#.# #.{..(... ... #. #.#
#.####### #.# ## ##.# #..
..# ##..# ### ### ##...##
######### #
##.....###........ #
#.......##.####### #


There were no monsters in sight!

Vanquished Creatures
  5 adders (D:2)
  A worm (D:1)
  7 bats
  2 endoplasms
  A giant cockroach (D:2)
  4 goblins
  2 hobgoblins (D:1)
  3 kobolds (D:1)
  A quokka (D:2)
  4 ball pythons
  4 frilled lizards
  3 rats (D:2)
37 creatures vanquished.

Notes
Turn   | Place    | Note
-------+----------+-------------------------------------------
     0 | D:1      | funkygono the Gargoyle Earth Elementalist began the quest
                  | for the Orb.
     0 | D:1      | Reached XP level 1. HP: 10/10 MP: 3/3
   185 | D:1      | Reached skill level 4 in Earth Magic
   185 | D:1      | Reached XP level 2. HP: 15/15 MP: 1/5
   188 | D:1      | Learned a level 2 spell: Passwall
  1057 | D:2      | Reached XP level 3. HP: 19/19 MP: 3/6
  1278 | D:2      | Found Fabuc's Assorted Antiques.
  1291 | D:2      | Reached XP level 4. HP: 24/24 MP: 5/8
  1328 | D:2      | Reached skill level 5 in Earth Magic
  1373 | D:2      | Learned a level 3 spell: Stone Arrow
  1785 | D:2      | Noticed Sigmund
  1795 | D:2      | Slain by Sigmund

Illustrated notes

Levels and vault maps discovered:
D:1:      dpeg_arrival_brainrot, layout_loops_cross, minmay_pentomino_x4
D:2:      layout_loops_ring, serial_shops, nicolae_shop_behind_doors,
          minmay_strange_pillars, grunt_ministairs_11, chequers_garden,
          uniq_sigmund

Skill      XL: |  1  2  3  4 |
---------------+-------------+-----
Earth Magic    | 4 5 |  5.0
Spellcasting   | 3 |  3.2
Dodging        | |  1.5
Stealth        | |  2.1
Transmutations | |  0.8

Action                   |  1- 3 |  4- 6 || total
-------------------------+-------+-------++-------
Melee: Whip              |     5 |       ||     5
 Cast: Sandblast         |    40 |    15 ||    55
  Use: Scroll            |     4 |       ||     4
Armor: Robe              |    14 |       ||    14
Dodge: Dodged            |     7 |     4 ||    11

Table legend: (Time is in decaauts)
 A = Elapsed time spent in this place.
 B = Non-inter-level travel time spent in this place.
 C = Inter-level travel time spent in this place.
 D = Time resting spent in this place.
 E = Time spent auto-exploring this place.
 F = Levels seen in this place.
 G = Mean time per level.
                   A        B        C        D        E       F      G
               +--------+--------+--------+--------+--------+-----+--------+
         Total |   1821 |   1765 |     56 |      0 |   1510 |   2 |  910.5 |
       Dungeon |   1821 |   1765 |     56 |      0 |   1510 |   2 |  910.5 |
               +--------+--------+--------+--------+--------+-----+--------+

Top non-repeatable levels by time:
     D:1: 1055 daAuts
     D:2: 766 daAuts
